AoeStats
← Quiniela Lopez

Nomad

505951217Analyzed
2v2 RM · 21d ago on Sep 11, 2026· 93m 56s· 4 players
Game mode
Random Map
Map size
176×176
Population
200
Speed
Normal
Resources
Standard
Victory
Conquest
Starting age
Dark Age
Ending age
Imperial Age
RankedLock teamsTeams togetherTeam positionsShared explorationLock speedFull tech treeHidden civsTurbo modeCheats
Victory
Defeat
🇨🇭 Burgundians · Switzerland
740
+14
🇨🇭 Mongols · Switzerland
666
+17
🇦🇷 Britons · Argentina
703
-16
🇦🇷 Khmer · Argentina
690
-15
Quiniela Lopez
6:52 Loom
16:14 Feudal Age
16:40 Double-Bit Axe
16:42 Horse Collar
21:55 Wheelbarrow
25:43 Castle Age
23:52 Padded Archer Armor
23:46 Fletching
23:58 Padded Archer Armor
28:23 Heavy Plow
30:25 Bodkin Arrow
30:46 Leather Archer Armor
31:40 Ballistics
34:38 Bow Saw
39:47 Imperial Age
37:51 Fortified Wall
37:38 Murder Holes
40:39 Hand Cart
45:24 Chemistry
45:44 Elite Longbowman
52:39 Bracer
53:09 Ring Archer Armor
55:29 Hand Cart
63:12 Gold Mining
65:23 Caravan
67:30 Yeomen
70:01 Two-Man Saw
AcerateBobcat83
8:24 Loom
15:03 Feudal Age
19:46 Castle Age
18:27 Wheelbarrow
24:18 Horse Collar
26:19 Double-Bit Axe
27:17 Wheelbarrow
32:46 Heavy Plow
34:40 Bow Saw
37:36 Hand Cart
39:33 Padded Archer Armor
42:31 Leather Archer Armor
42:07 Fletching
48:02 Imperial Age
56:33 Crop Rotation
60:45 Heavy Scorpion
63:47 Chemistry
62:44 Murder Holes
63:32 Caravan
64:28 Double Crossbow
69:47 Ballistics
71:57 Gold Mining
74:32 Gold Shaft Mining
80:56 Heated Shot
Merlin der grosse
12:35 Feudal Age
13:51 Gold Mining
14:09 Double-Bit Axe
20:20 Castle Age
21:33 Bow Saw
22:02 Wheelbarrow
21:14 Town Watch
22:26 Stone Mining
24:27 Bloodlines
24:52 Light Cavalry
26:04 Horse Collar
27:15 Heavy Plow
34:44 Imperial Age
36:12 Murder Holes
36:38 Ballistics
36:01 Hussar
39:17 Elite Mangudai
45:22 Capped Ram
54:49 Masonry
60:42 Scale Barding Armor
61:32 Elite Steppe Lancer
63:35 Caravan
63:55 Siege Ram
68:47 Drill
Vitli
23:23 Feudal Age
23:10 Double-Bit Axe
23:24 Horse Collar
23:51 Arson
23:29 Man-at-Arms
28:47 Forging
28:39 Scale Mail Armor
32:22 Castle Age
30:45 Heavy Plow
42:48 Imperial Age
52:11 Bow Saw
54:28 Cavalier
55:00 Gold Mining
56:20 Paladin
60:11 Scale Barding Armor
60:44 Iron Casting
60:22 Husbandry
61:28 Wheelbarrow
63:10 Hand Cart
65:26 Chain Barding Armor
68:16 Capped Ram
72:36 Blast Furnace
75:04 Onager
77:31 Fortified Wall
77:12 Guard Tower
77:35 Masonry
91:54 Plate Barding Armor
92:19 Gold Shaft Mining
Connection lost

Rejoining the realm…

Still unreachable

The connection could not be restored.

Session expired

The server has moved on; the page needs a fresh start.